 Dungeon Crawl Stone Soup version 0.32-a0-841-g4648e6c457 (webtiles) character file.

Game seed: 962138341313980085

1764 Griffin23 the Slasher (level 8, -2/73 HPs)
             Began as a Minotaur Fighter on Mar 26, 2024.
             Was an Initiate of Nemelex Xobeh.
             Killed from afar by an electric eel (5 damage)
             ... with a bolt of electricity
             ... on level 6 of the Dungeon.
             The game lasted 00:07:53 (6258 turns).

Griffin23 the Slasher (Minotaur Fighter)            Turns: 6258, Time: 00:07:54

Health: -2/73      AC: 11    Str: 23    XL:     8   Next: 79%
Magic:  16/16      EV:  7    Int:  2    God:    Nemelex Xobeh [......]
Gold:   235        SH:  0    Dex: 10    Spells: 7/7 levels left

rFire   . . .        z - +9 scythe "Jimudghy" {heavy, rN+++ rCorr MP+9 Int-3}
rCold   . . .        (shield currently unavailable)
rNeg    + + +        y - +0 chain mail
rPois   .            (helmet restricted)
rElec   .            C - scarf {shadows}
rCorr   +            (no gloves)
SInv    .            u - +0 pair of boots
Will    .....        (no amulet) Stlth
                     p - ring of flight
HPRegen 0.32/turn    (no ring)
MPRegen 0.15/turn

%: no passive effects
@: flying
A: horns 2, retaliatory headbutt
a: Renounce Religion, Draw Escape, Draw Destruction, Draw Summoning


You were on level 6 of the Dungeon.
You worshipped Nemelex Xobeh.
Nemelex Xobeh was noncommittal.
You visited 2 branches of the dungeon, and saw 7 of its levels.

You collected 235 gold pieces.

Inventory:

Hand Weapons
 a - a +0 long sword
 z - the +9 scythe "Jimudghy" (weapon) {heavy, rN+++ rCorr MP+9 Int-3}
   (You found it on level 5 of the Dungeon)

   Int-3:     It affects your intelligence (-3).
   rN+++:     It renders you almost immune to negative energy.
   MP+9:      It affects your magic capacity (+9).
   rCorr:     It protects you from acid and corrosion.
Armour
 b - a +0 scale mail
 c - a +0 buckler
 s - a +0 cloak
 u - a +0 pair of boots (worn)
 y - a +0 chain mail (worn)
 C - a scarf of shadows (worn)
Jewellery
 p - a ring of flight (left hand)
Wands
 o - a wand of flame (10)
 D - a wand of paralysis (5)
Scrolls
 e - 4 scrolls of fog {unknown}
 h - 2 scrolls of fear
 i - 4 scrolls of identify {unknown}
 j - a scroll of torment {unknown}
 k - a scroll of amnesia {unknown}
 l - a scroll of vulnerability {unknown}
 m - a scroll of teleportation {unknown}
 n - a scroll of revelation {unknown}
 q - a scroll of enchant weapon {unknown}
 v - a scroll of poison {unknown}
 x - a scroll of acquirement {unknown}
 B - 2 scrolls of noise {unknown}
Potions
 d - 2 potions of might
 f - 3 potions of brilliance
 g - 2 potions of heal wounds
 r - a potion of curing {unknown}
 t - a potion of attraction {unknown}
 w - a potion of haste {unknown}
 A - a potion of enlightenment {unknown}


   Skills:
 + Level 7.6 Fighting
 - Level 7.7 Long Blades
 * Level 5.2 Polearms
 - Level 6.4 Armour
 - Level 6.3 Shields


You had 7 spell levels left.
You didn't know any spells.
Your spell library contained the following spells:

 Spells                   Type           Power      Damage    Failure   Level
 Blink                    Tloc           0%         N/A       99%         2
 Ensorcelled Hibernation  Hex/Ice        0%         N/A       99%         2
 Lesser Beckoning         Tloc           0%         N/A       99%         2
 Momentum Strike          Conj/Tloc      0%         3d8       99%         2
 Passwall                 Erth           0%         N/A       100%        3
 Swiftness                Air            0%         N/A       100%        3
 Chain Lightning          Conj/Air       0%         N/A       100%        9
 Fire Storm               Conj/Fire      0%         5d1       100%        9
 Shatter                  Erth           0%         3d5*      100%        9


Dungeon Overview and Level Annotations

Branches:
Dungeon (6/15)             Temple (1/1) D:5

Altars:
Ashenzari
Cheibriados
Dithmenos
Elyvilon
Fedhas
Gozag
Kikubaaqudgha
Makhleb
Nemelex Xobeh
Okawaru
Qazlal
Ru
Sif Muna
Uskayaw
Wu Jian
Xom
Yredelemnul
Zin
The Shining One

Shops:
D:6 (

Annotations:
D:6 1 runed translucent door, zenocrate's ghost, novice OpEE


Innate Abilities, Weirdness & Mutations

You have a pair of horns on your head.
You reflexively headbutt those who attack you in melee.


Message History

Things that are here:
a +0 dagger; a +0 leather armour; an orc corpse You reach down and open the door.
There is an open door here.
The electric eel shoots out a bolt of lightning at you!
The bolt of electricity hits you!
The electric eel shoots out a bolt of lightning at you!
The bolt of electricity hits you!
The electric eel shoots out a bolt of lightning at you!
The bolt of electricity hits you but does no damage.
The electric eel shoots out a bolt of lightning at you!
The bolt of electricity hits you!
The electric eel shoots out a bolt of lightning at you!
The bolt of electricity hits you!
The electric eel shoots out a bolt of lightning at you!
The bolt of electricity hits you!
* * * LOW HITPOINT WARNING * * *
There are monsters nearby!
You are too injured to fight recklessly!
There are monsters nearby!
You are too injured to fight recklessly!
Okay, then.
The electric eel shoots out a bolt of lightning at you!
The bolt of electricity hits you!
* * * LOW HITPOINT WARNING * * *
As you read the scroll labelled LAHIRH ESEQUOSCH, it crumbles to dust.
You assume a fearsome visage.
The electric eel looks frightened! x3
It was a scroll of fear.
Cornered, the electric eel turns to fight!
The electric eel shoots out a bolt of lightning at you!
The bolt of electricity hits you.
* * * LOW HITPOINT WARNING * * *
The electric eel shoots out a bolt of lightning at you!
The bolt of electricity hits the plant!
The plant begins to die.
The bolt of electricity hits you!
* * * LOW HITPOINT WARNING * * *
The electric eel shoots out a bolt of lightning at you!
The bolt of electricity hits you.
You die...
Your body disappears without a glow.

ß..#ß##
#≈≈)≈≈######.##
.#####
#~~.(?##≈≈≈##~#
##
#.PPP$#SS)S≈#~#
#
#P~..P#~~[.$#~#
#...P.#~#
#~P..~#)#
#.....#.#
.#####.....#.#
..~~~##@..##.#
#~~.####~##
###...~~##
#######


You could see 3 electric eels.

Vanquished Creatures
  Sigmund (D:5)
  Edmund (D:5)
  An ice beast (D:5)
  2 ogres
  2 phantoms
  A bullfrog (D:6)
  A gnoll sergeant (D:6)
  3 scorpions
  5 jellies
  Crazy Yiuf (D:3)
  2 orc priests (D:5)
  2 gnoll boudas
  A hound (D:6)
  2 iguanas
  An orc wizard (D:3)
  Terence (D:3)
  18 gnolls
  6 adders
  3 white imps (D:5)
  2 ribbon worms
  6 dart slugs
  16 orcs
  5 ball pythons
  3 bats (D:2)
  3 endoplasms (D:1)
  3 giant cockroaches
  8 goblins
  4 hobgoblins
  7 kobolds
  5 quokkas
  6 frilled lizards
  7 rats
129 creatures vanquished.

Notes
Turn   | Place    | Note
-------+----------+-------------------------------------------
     0 | D:1      | Griffin23 the Minotaur Fighter began the quest for the Orb.
     0 | D:1      | Reached XP level 1. HP: 19/19 MP: 0/0
   259 | D:1      | Reached XP level 2. HP: 25/27 MP: 1/1
   925 | D:2      | Reached XP level 3. HP: 33/33 MP: 2/2
   941 | D:2      | Found a glowing silver altar of Zin.
  1740 | D:3      | Noticed Terence
  1750 | D:3      | Killed Terence
  1751 | D:3      | Reached XP level 4. HP: 35/41 MP: 3/3
  1883 | D:3      | HP: 1/41 [something (3)]
  2169 | D:3      | Found a runed translucent door.
  2170 | D:3      | Noticed Crazy Yiuf
  2409 | D:3      | Reached XP level 5. HP: 44/47 MP: 4/4
  2681 | D:3      | Killed Crazy Yiuf
  2808 | D:3      | Identified the +0 hammer "Dragon's Tongue" {flame, Will+
                  | rCorr Int-2}
  2809 | D:3      | Identified the +6 hammer of Noon {spect, rPois rC- Dex+3}
  3036 | D:4      | Reached skill level 5 in Long Blades
  3036 | D:4      | Reached XP level 6. HP: 14/55 MP: 5/5
  3049 | D:4      | Reached skill level 5 in Fighting
  3050 | D:4      | HP: 1/56 [gnoll/+0 halberd (2)]
  3054 | D:4      | Reached skill level 5 in Armour
  3170 | D:4      | Reached skill level 5 in Shields
  3867 | D:4      | Reached XP level 7. HP: 48/61 MP: 6/6
  4017 | D:5      | Entered Level 5 of the Dungeon
  4866 | D:5      | Noticed Sigmund
  4878 | D:5      | Killed Sigmund
  4879 | D:5      | Reached XP level 8. HP: 47/71 MP: 7/7
  4883 | D:5      | Identified the +9 scythe "Jimudghy" {heavy, rN+++ rCorr
                  | MP+9 Int-3}
  4962 | D:5      | Noticed Edmund
  4976 | D:5      | Killed Edmund
  5247 | D:5      | Reached skill level 1 in Polearms
  5865 | D:6      | Found a runed translucent door.
  5865 | D:6      | Noticed zenocrate's ghost (novice OpEE)
  5923 | D:5      | Found a staircase to the Ecumenical Temple.
  5937 | Temple   | Entered the Ecumenical Temple
  5944 | Temple   | Became a worshipper of Nemelex Xobeh the Trickster
  6173 | D:6      | Found Hawkeimu's Weapon Shoppe.
  6195 | D:6      | Reached skill level 5 in Polearms
  6258 | D:6      | HP: 3/73 [electric eel/bolt of electricity (7)]
  6258 | D:6      | Killed from afar by an electric eel

Illustrated notes

Levels and vault maps discovered:
D:1:      minmay_arrival_diagonal_passages, layout_loops_corners,
          amcnicky_mini_corridor_feature, st_stairs_14
D:2:      layout_basic, basic_altar, minmay_joined_circles
D:3:      layout_basic, uniq_crazy_yiuf_cottage, uniq_terence
D:4:      layout_loops_ring
D:5:      layout_basic, minmay_temple_entry_from_below_b, serial_corexii_hall,
          chequers_hall_statues_corner_a, corexii_hall_statues_deadend,
          chequers_hall_statues_corner_a, corexii_hall_statues_u,
          cheibrodos_sewer_entry_bend, sigmund_edmund_badplayer
D:6:      cheibrodos_two_vegetables, layout_cave_pods, gammafunk_ghost_grave,
          serial_shops, nicolae_stop_n_shop_2, minmay_misc_feat_iff,
          uniq_sigmund
Temple:   nicolae_temple_no_exploring_needed

Skill      XL: |  1  2  3  4  5  6  7  8 |
---------------+-------------------------+-----
Fighting       | 4 5 6 7 |  7.6
Armour         | 4 5 6 |  6.4
Long Blades    | 3 4 5 7 |  7.7
Shields        | 4 5 6 |  6.3
Polearms       | 5 |  5.2

Action                     |  1- 3 |  4- 6 |  7- 9 || total
---------------------------+-------+-------+-------++-------
  Melee: Long sword        |    90 |   159 |   117 ||   366
         Headbutt          |    11 |    30 |    31 ||    72
         Halberd           |       |       |    36 ||    36
    Use: Potion            |       |     5 |       ||     5
         Scroll            |       |       |     1 ||     1
 Armour: Scale mail        |    54 |   161 |    35 ||   250
         Chain mail        |       |       |    65 ||    65
  Dodge: Dodged            |    50 |    60 |    52 ||   162
  Block: Buckler           |    25 |    34 |    21 ||    80

Table legend: (Time is in decaauts)
 A = Elapsed time spent in this place.
 B = Non-inter-level travel time spent in this place.
 C = Inter-level travel time spent in this place.
 D = Time resting spent in this place.
 E = Time spent auto-exploring this place.
 F = Levels seen in this place.
 G = Mean time per level.
                   A        B        C        D        E       F      G
               +--------+--------+--------+--------+--------+-----+--------+
         Total |   6407 |   6138 |    269 |    578 |   4549 |   7 |  915.3 |
       Dungeon |   6392 |   6135 |    257 |    578 |   4549 |   6 | 1065.3 |
        Temple |     14 |      2 |     12 |      0 |      0 |   1 |   14.0 |
               +--------+--------+--------+--------+--------+-----+--------+

Top non-repeatable levels by time:
     D:5: 1570 daAuts
     D:3: 1195 daAuts
     D:4: 1170 daAuts
     D:2: 945 daAuts
     D:1: 808 daAuts
     D:6: 701 daAuts
  Temple: 14 daAuts
